 Dungeon Crawl Stone Soup version 0.31.0-32-g396128a36d (webtiles) character file.

Game seed: 5877577564242212178

105 Janerl the Chopper (level 4, -2/41 HPs)
             Began as a Minotaur Berserker on Apr 12, 2024.
             Was a Believer of Trog.
             Killed from afar by an orc wizard (5 damage)
             ... with a magic dart
             ... on level 3 of the Dungeon on Apr 19, 2024.
             The game lasted 00:07:17 (1777 turns).

Janerl the Chopper (Minotaur Berserker)             Turns: 1777, Time: 00:07:17

Health: -2/41      AC:  6    Str: 22    XL:     4   Next: 54%
Magic:  3/3        EV: 10    Int:  6    God:    Trog [**....]
Gold:   82         SH:  0    Dex:  9    Spells: 3/3 levels left

rFire   . . .        a - +0 hand axe
rCold   . . .        (no shield)
rNeg    . . .        c - +0 scale mail
rPois   .            (helmet restricted)
rElec   .            (no cloak)
rCorr   .            (no gloves)
SInv    .            (no boots)
Will    +....        (no amulet) Stlth
                     (no ring)
HPRegen 0.26/turn    (no ring)
MPRegen 0.08/turn

%: no passive effects
@: enlightened, flying
A: horns 2, retaliatory headbutt
a: Renounce Religion, Berserk, Trog's Hand


You were on level 3 of the Dungeon.
You worshipped Trog.
Trog was pleased with you.
You visited 1 branch of the dungeon, and saw 3 of its levels.

You collected 82 gold pieces.

Inventory:

Hand Weapons
 a - a +0 hand axe (weapon)
 b - the +1 sling "Kaycwiso" {speed, rN+ Str+2 Int+3}
   (You found it on level 2 of the Dungeon)

   Str+2:     It affects your strength (+2).
   Int+3:     It affects your intelligence (+3).
   rN+:       It protects you from negative energy.
Armour
 c - a +0 scale mail (worn)
Scrolls
 d - a scroll of blinking {unknown}
 h - a scroll of silence {unknown}
 i - a scroll of enchant weapon {unknown}
 j - a scroll of amnesia {unknown}
 k - 3 scrolls of torment {unknown}
Potions
 f - a potion of enlightenment
 g - a potion of ambrosia {unknown}


   Skills:
 + Level 4.5 Fighting
 + Level 4.7 Axes
 + Level 0.7 Ranged Weapons
 + Level 3.5 Armour
 + Level 2.6 Dodging


You had 3 spell levels left.
You didn't know any spells.
Your spell library was empty.

Dungeon Overview and Level Annotations

Branches:
Dungeon (3/15)

Altars:
Xom

Shops:
D:2 :


Innate Abilities, Weirdness & Mutations

You have a pair of horns on your head.
You reflexively headbutt those who attack you in melee.


Message History

Things that are here:
a +0 flail; a +0 leather armour; an orc corpse You hit the orc.
You kill the orc!
Trog accepts your kill.
You miss something. Something hits you but does no damage.
A magic dart appears from out of thin air!
The magic dart hits you!
* * * LOW HITPOINT WARNING * * *
Things that are here:
a +0 trident; a +0 ring mail You feel better.
You miss something.
You hear some strange, mumbled words.
A magic dart appears from out of thin air!
The magic dart hits you.
* * * LOW HITPOINT WARNING * * *
You closely miss something. Something completely misses you.
You hit something. Your headbutt misses something.
Something hits you but does no damage.
You miss something. Your headbutt misses something.
Something hits you but does no damage.
You completely miss something. Your headbutt misses something.
You hear some strange, mumbled words.
A magic dart appears from out of thin air!
The magic dart hits you.
* * * LOW HITPOINT WARNING * * *
You hit something. Your headbutt misses something. Something hits you.
* * * LOW HITPOINT WARNING * * *
You closely miss something. Something hits you.
* * * LOW HITPOINT WARNING * * *
It was a potion of enlightenment.
You feel very buoyant.
You fly up into the air.
Something hits you but does no damage.
You barely miss something. Something completely misses you.
You closely miss something.
You hear some strange, mumbled words.
A magic dart appears from out of thin air!
The magic dart hits you.
You die...

....... #.....# .. .
#...... ... ..#.?...#
... .(......#####.#
..#.....#...).#..
#.........[.†....#
#...........##
#...###{@...#
#<..........####
####...........######
#.#...#.##.......#
...#..##....<####..#
### #..#####.....#
#.## ####...... #.#
.####. #.# #


There were no monsters in sight!

Vanquished Creatures
  4 gnolls (D:2)
  An adder (D:2)
  3 dart slugs
  A ribbon worm (D:2)
  4 orcs (D:3)
  3 endoplasms
  A giant cockroach (D:1)
  7 goblins
  3 hobgoblins (D:1)
  4 jackals (D:1)
  3 quokkas
  4 bats
  2 frilled lizards (D:1)
  4 rats
44 creatures vanquished.

Notes
Turn   | Place    | Note
-------+----------+-------------------------------------------
     0 | D:1      | Janerl the Minotaur Berserker began the quest for the Orb.
     0 | D:1      | Reached XP level 1. HP: 19/19 MP: 0/0
   137 | D:1      | Reached XP level 2. HP: 26/27 MP: 1/1
   233 | D:1      | Reached ** piety under Trog
   259 | D:1      | Found a faded altar of an unknown god.
   378 | D:1      | Reached XP level 3. HP: 33/33 MP: 2/2
   742 | D:2      | Found a shimmering altar of Xom.
   811 | D:2      | Reached XP level 4. HP: 26/41 MP: 3/3
   979 | D:2      | Identified the +1 sling "Kaycwiso" {speed, rN+ Str+2 Int+3}
  1346 | D:2      | Found Vefib Xoss's Book Shoppe.
  1774 | D:3      | HP: 2/41 [something (2)]
  1777 | D:3      | Killed from afar by an orc wizard

Illustrated notes

Levels and vault maps discovered:
D:1:      scummos_arrival_star, layout_loops_ring,
          chequers_ecumenical_altar_twisty, kennysheep_minor_cross
D:2:      layout_basic, basic_altar, serial_shops, nicolae_shop_rolling_square
D:3:      layout_rooms, minmay_gold_behind_fungi, minivault_27, minivault_26,
          solitary_fountain, dreamdust_princess_bridge

Skill      XL: |  1  2  3 |
---------------+----------+-----
Axes           | 4 |  4.7
Fighting       | 4 |  4.5
Armour         | 3 |  3.5
Ranged Weapons | |  0.7
Dodging        | |  2.6

Action                     |  1- 3 |  4- 6 || total
---------------------------+-------+-------++-------
  Melee: Hand axe          |    63 |    28 ||    91
         Headbutt          |    13 |     2 ||    15
   Fire: Sling             |       |    40 ||    40
    Use: Potion            |       |     3 ||     3
 Armour: Scale mail        |    50 |    41 ||    91
  Dodge: Dodged            |    39 |    32 ||    71
